 Dungeon Crawl Stone Soup version 0.17-a0-2024-gc284f19 (webtiles) character file.

812 Banto the Charmwright (level 7, -1/40 HPs)
             Began as a High Elf Skald on Oct 10, 2015.
             Was a Follower of the Shining One.
             Slain by an ogre
             ... wielding a +0 giant spiked club
              (17 damage)
             ... on level 5 of the Dungeon.
             The game lasted 00:06:11 (5309 turns).

Banto the Charmwright (High Elf Skald)              Turns: 5309, Time: 00:06:11

Health: -1/40      AC:  6    Str: 11    XL:     7   Next: 61%
Magic:  0/12       EV: 11    Int: 16    God:    the Shining One [*.....]
Gold:   206        SH:  2    Dex: 17    Spells: 3 memorised, 7 levels left

rFire  + . .     SeeInvis .     a - +1 falchion
rCold  . . .     Clarity  .     b - +0 leather armour
rNeg   . . .     SustAt   .     (no shield)
rPois  .         Gourm    .     q - +1 hat
rElec  .         Spirit   +     (no cloak)
rCorr  .         Warding  .     (no gloves)
rMut   .         Stasis   .     (no boots)
MR     .....                    h - amulet of guardian spirit
Stlth  +.........               (no ring)
                                o - ring of protection from fire

@: glowing, not resistant to hostile enchantments, very unstealthy
A: large bone plates 1, frail 1, low mp 1, no device heal 1
a: Renounce Religion


You were on level 5 of the Dungeon.
You worshipped the Shining One.
The Shining One was aware of your devotion.
You were not hungry.

You visited 1 branch of the dungeon, and saw 5 of its levels.

You collected 206 gold pieces.

Inventory:

Hand Weapons
 a - a +1 falchion (weapon)
Armour
 b - a +0 leather armour (worn)
 q - a +1 hat (worn)
Jewellery
 h - an amulet of guardian spirit (around neck)
 o - a ring of protection from fire (left hand)
 v - an uncursed ring of fire
Scrolls
 f - 3 scrolls of remove curse
 g - 2 scrolls of enchant weapon
 j - a scroll of recharging
 k - 3 scrolls of magic mapping
 m - 3 scrolls of fear
 n - 3 scrolls of identify
Potions
 e - 2 potions of flight
 i - a potion of cancellation
 p - a potion of might
 s - a potion of degeneration {unknown}
 w - a potion of berserk rage {unknown}
 x - a potion of resistance {unknown}
 A - a potion of ambrosia {unknown}
Books
 c - a book of Battle

   Spells                             Type                      Level
   a - Infusion                       Charms                       1
   b - Shroud of Golubria             Charms/Translocation         2
   c - Song of Slaying                Charms                       2
   d - Spectral Weapon                Hexes/Charms                 3
   e - Regeneration                   Charms/Necromancy            3
Comestibles
 d - 5 bread rations
 l - a royal jelly
 r - 2 slices of pizza
 t - 2 beef jerkies
 z - a meat ration


   Skills:
 - Level 2.0 Fighting
 * Level 7.2 Long Blades
 - Level 0.8 Armour
 - Level 1.1 Dodging
 - Level 4.1 Spellcasting
 + Level 1.4 Hexes
 + Level 7.3 Charms


You had 7 spell levels left.
You knew the following spells:

 Your Spells              Type           Power        Failure   Level  Hunger
a - Infusion              Chrm           ####..       1%          1    None
b - Regeneration          Chrm/Necr      ###.......   17%         3    ###....
c - Spectral Weapon       Hex/Chrm       ###.....     14%         3    ###....


Dungeon Overview and Level Annotations

Branches:
Dungeon (5/15)
 Temple: D:4-7

Altars:
Kikubaaqudgha
Makhleb
Okawaru
Sif Muna
The Shining One


Innate Abilities, Weirdness & Mutations

You are partially covered in large bone plates (AC +2, SH +2).
You are frail (-10% HP).
Your magical capacity is low (-10% MP).
Potions and wands are less effective at restoring your health.


Message History

A scorpion comes into view.
Casting: Spectral Weapon
Confirm with . or Enter, or press ? or * to list all spells.
You draw out your weapon's spirit!
You hit the giant gecko.
The giant gecko is severely wounded.
The giant gecko misses you.
Your spectral weapon hits the giant gecko!
You kill the giant gecko!
You completely miss the ogre.
Your spectral weapon hits the ogre!
You hit the ogre.
The ogre is moderately wounded.
Your spectral weapon hits the ogre.
The ogre hits you with a giant spiked club!!
Ouch! That really hurt!
You hit the ogre.
The ogre is heavily wounded.
Your spectral weapon hits the ogre.
The ogre hits you with a giant spiked club!!
You die...

#.#.#
#########
#.#.# #.#.#
#.#.# .
#.#.# #.#
#.#.# #...#
#.#.#
......#.#.#
.....sO@..#
..$...#(..#
......#...#
..... #...#
##### #...#
#....
######


You could see an ogre and a scorpion.

Vanquished Creatures
  A sky beast (D:4)
  3 ogres
  Blork the orc (D:4)
  A scorpion (D:4)
  A hound (D:4)
  An orc wizard (D:4)
  2 crimson imps (D:5)
  2 iguanas (D:4)
  A worker ant (D:5)
  Natasha (twice) (D:3)
  An orc priest (D:4)
  A hound skeleton (D:4)
  An adder (D:4)
  3 adder skeletons (D:4)
  2 worms (D:2)
  3 giant geckos
  3 orcs (D:4)
  9 bats
  4 giant cockroaches
  6 hobgoblins
  19 jackals
  2 quokkas
  7 giant newts
  8 goblins
  4 kobolds
  4 rats
92 creatures vanquished.

Notes
Turn   | Place    | Note
--------------------------------------------------------------
     0 | D:1      | Banto the High Elf Skald began the quest for the Orb.
     0 | D:1      | Reached XP level 1. HP: 14/14 MP: 4/4
   557 | D:1      | Reached XP level 2. HP: 6/19 MP: 3/6
  1163 | D:2      | Reached skill level 4 in Charms
  1163 | D:2      | Reached XP level 3. HP: 22/24 MP: 8/8
  1168 | D:2      | Learned a level 3 spell: Regeneration
  1172 | D:2      | Learned a level 3 spell: Spectral Weapon
  1196 | D:2      | Found a deep blue altar of Sif Muna.
  1719 | D:2      | Found a glowing golden altar of the Shining One.
  1935 | D:2      | Became a worshipper of the Shining One
  2133 | D:3      | Found a burning altar of Makhleb.
  2200 | D:3      | Noticed Natasha
  2208 | D:3      | Killed Natasha
  2208 | D:3      | Reached XP level 4. HP: 14/29 MP: 4/9
  2407 | D:3      | Found an iron altar of Okawaru.
  2456 | D:3      | Noticed Natasha
  2458 | D:3      | Killed Natasha
  2750 | D:4      | Noticed Blork the orc
  2764 | D:4      | Killed Blork the orc
  2764 | D:4      | Reached skill level 5 in Charms
  2764 | D:4      | Reached XP level 5. HP: 5/34 MP: 0/11
  3105 | D:4      | Reached skill level 5 in Long Blades
  3351 | D:4      | Gained mutation: Potions and wands are less effective at restoring your health. [potion of mutation]
  3351 | D:4      | Gained mutation: You are frail (-10% HP). [potion of mutation]
  3351 | D:4      | Gained mutation: You have a pair of small horns on your head. [potion of mutation]
  3352 | D:4      | Gained mutation: Your magical capacity is low (-10% MP). [potion of mutation]
  3352 | D:4      | Gained mutation: You are partially covered in large bone plates (AC +2, SH +2). [potion of mutation]
  3352 | D:4      | Lost mutation: You have a pair of small horns on your head. [potion of mutation]
  3401 | D:4      | Noticed an ogre
  3413 | D:4      | Killed an ogre
  3413 | D:4      | Reached XP level 6. HP: 2/35 MP: 0/11
  4033 | D:4      | Reached skill level 6 in Charms
  4276 | D:4      | Noticed a sky beast
  4276 | D:4      | Acquired the Shining One's first power
  4291 | D:4      | Killed a sky beast
  4534 | D:4      | Reached XP level 7. HP: 28/40 MP: 10/12
  4611 | D:4      | Noticed an ogre
  4616 | D:4      | Killed an ogre
  4677 | D:4      | Reached skill level 7 in Charms
  4776 | D:4      | Found an ancient bone altar of Kikubaaqudgha.
  4924 | D:5      | Entered Level 5 of the Dungeon
  5019 | D:5      | Reached skill level 1 in Hexes
  5309 | D:5      | Slain by an ogre

Vault maps used:
D:1:      lightli_iron_boxes, minmay_misc_feat_ornament
D:2:      lemuel_blue_sif_altar, tso_metal_star
D:3:      nicolae_overflow_crystal_walls, bloody_makhleb, uniq_natasha
D:4:      kennysheep_mini, first_bread, uniq_blork_the_orc
D:5:      lemuel_ratsnest, minmay_misc_feat_room

Action                   |  1- 3 |  4- 6 |  7- 9 || total
-------------------------+-------+-------+-------++-------
Melee: Falchion          |   174 |   114 |    50 ||   338
 Cast: Infusion          |     5 |       |       ||     5
       Spectral Weapon   |       |     4 |     5 ||     9
  Use: Scroll            |     5 |     8 |       ||    13
       Potion            |     2 |     2 |       ||     4
 Stab: Sleeping          |     1 |       |       ||     1
  Eat: Chunk             |     4 |     8 |     3 ||    15
